 Dungeon Crawl Stone Soup version 0.31.0-12-g77e489cdc1 (webtiles) character file.

Game seed: 6504349666863227330

13 Silvore the Trooper (level 2, 0/24 HPs)
             Began as a Demonspawn Fighter on Feb 14, 2024.
             Slain by a quokka (2 damage)
             ... on level 1 of the Dungeon.
             The game lasted 00:00:13 (109 turns).

Silvore the Trooper (Demonspawn Fighter)             Turns: 109, Time: 00:00:13

Health: 0/24       AC:  6    Str: 16    XL:     2   Next: 24%
Magic:  2/2        EV:  5    Int:  8    God:
Gold:   24         SH:  4    Dex: 12    Spells: 1/1 levels left

rFire   . . .        a - +0 long sword
rCold   . . .        c - +0 buckler
rNeg    . . .        b - +0 scale mail
rPois   .            (no helmet)
rElec   .            (no cloak)
rCorr   .            (no gloves)
SInv    .            (no boots)
Will    .....        (no amulet) Stlth
                     (no ring)
HPRegen 0.24/turn    (no ring)
MPRegen 0.08/turn

%: no passive effects
@: constricted
A: demonic magic 1
a: no special abilities


You were on level 1 of the Dungeon.
You visited 1 branch of the dungeon, and saw 1 of its levels.

You collected 24 gold pieces.

Inventory:

Hand Weapons
 a - a +0 long sword (weapon)
Armour
 b - a +0 scale mail (worn)
 c - a +0 buckler (worn)
Potions
 d - a potion of might


   Skills:
 + Level 3.1 Fighting
 + Level 1.9 Long Blades
 + Level 2.9 Armour
 + Level 3.0 Shields


You had one spell level left.
You didn't know any spells.
Your spell library was empty.

Dungeon Overview and Level Annotations

Branches:
Dungeon (1/15)

Altars:


Innate Abilities, Weirdness & Mutations

Spells you cast may paralyse adjacent enemies.


Message History

The quokka bites you but does no damage.
The frilled lizard bites you. You block the quokka's attack.
A ball python comes into view.
The frilled lizard bites you but does no damage.
The quokka barely misses you.
The ball python hisses angrily.
The frilled lizard bites you but does no damage.
The quokka bites you. The quokka completely misses you.
The frilled lizard closely misses you. The quokka bites you.
The frilled lizard closely misses you.
The quokka bites you but does no damage.
You block the frilled lizard's attack. The quokka bites you.
The ball python bites you but does no damage.
The ball python barely misses you.
The frilled lizard bites you but does no damage.
You block the quokka's attack.
The ball python bites you but does no damage.
The ball python grabs you. The ball python constricts you.
The frilled lizard barely misses you. The quokka bites you.
You block the ball python's attack. The ball python constricts you.
The quokka bites you but does no damage.
You block the frilled lizard's attack.
The ball python bites you but does no damage.
The ball python constricts you.
The quokka bites you but does no damage.
The frilled lizard bites you but does no damage.
The ball python bites you. The ball python constricts you.
You block the quokka's attack. You block the ball python's attack.
The ball python constricts you.
The frilled lizard bites you but does no damage.
The quokka bites you. The ball python barely misses you.
The ball python constricts you. The frilled lizard barely misses you.
The quokka bites you.
* * * LOW HITPOINT WARNING * * *
You block the ball python's attack. The ball python constricts you.
* * * LOW HITPOINT WARNING * * *
The frilled lizard bites you.
* * * LOW HITPOINT WARNING * * *
The quokka bites you.
You die...

.§..............
...§...........
########w.......
#........##....#
#........# #.###
.##........###.###
..............†.S#
#######........rl#
#........S@#
#..........########
##########.........
###.######## ..#†#
#.#.# ♣♣♣♣♣ #.#.#
♣P.P .♣ #.#.#
♣♣.♣♣♣.♣ #.#.#
♣♣..PP♣.♣


You could see a quokka, 2 ball pythons and a frilled lizard.

Vanquished Creatures
  2 dart slugs (D:1)
  An endoplasm (D:1)
  A giant cockroach (D:1)
  3 jackals (D:1)
  A bat (D:1)
8 creatures vanquished.

Notes
Turn   | Place    | Note
-------+----------+-------------------------------------------
     0 | D:1      | Silvore the Demonspawn Fighter began the quest for the Orb.
     0 | D:1      | Reached XP level 1. HP: 18/18 MP: 1/1
    72 | D:1      | Gained mutation: Spells you cast may paralyse adjacent
                  | enemies. [demonic ancestry]
    72 | D:1      | Reached XP level 2. HP: 24/24 MP: 2/2
   109 | D:1      | Slain by a quokka

Illustrated notes

Levels and vault maps discovered:
D:1:      psy_arrival_fountain, layout_basic

Skill      XL: |  1  2 |
---------------+-------+-----
Shields        | 3 |  3.0
Fighting       | |  3.1
Long Blades    | |  1.9
Armour         | |  2.9

Action                     || total
---------------------------++-------
  Melee: Long sword        ||    17
 Armour: Scale mail        ||    43
  Dodge: Dodged            ||    23
  Block: Buckler           ||    18
